 Dungeon Crawl Stone Soup version 0.17.1-1-g73c8601 (console) character file.

187 Kloppie the Skirmisher (level 5, 0/46 HPs)
             Began as a Ghoul Gladiator on Dec 25, 2015.
             Slain by a slave (1 damage)
             ... led by Pikel
             ... on level 4 of the Dungeon.
             The game lasted 00:05:11 (2454 turns).

Kloppie the Skirmisher (Ghoul Gladiator)            Turns: 2454, Time: 00:05:11

Health: 0/46       AC:  9    Str: 19    XL:     5   Next: 66%
Magic:  4/4        EV: 11    Int:  4    God:
Gold:   105        SH:  0    Dex:  9    Spells: 0 memorised, 4 levels left

rFire  + . .     SeeInvis .     a - +0 war axe
rCold  + . .     Clarity  .     c - +3 ring mail {rF+}
rNeg   + + +     SustAt   .     (no shield)
rPois  ∞         Gourm    .     g - +0 helmet
rElec  .         Spirit   .     (no cloak)
rCorr  .         Warding  .     (no gloves)
rMut   .         Stasis   .     (no boots)
MR     .....                    (no amulet)
Stlth  ..........               (no ring)
                                (no ring)

@: rotting, not resistant to hostile enchantments, extremely unstealthy
A: rotting body, claws 1, carnivore 3, cold resistance 1, negative energy
resistance 3, slow regeneration 1, torment resistance, unbreathing
a: no special abilities


You were on level 4 of the Dungeon.
You were not hungry.

You visited 1 branch of the dungeon, and saw 4 of its levels.

You collected 105 gold pieces.

Inventory:

Hand Weapons
 a - a +0 war axe (weapon)
Missiles
 d - 3 throwing nets (quivered)
Armour
 c - a +3 ring mail of fire resistance (worn)
 g - a +0 helmet (worn)
Scrolls
 b - 3 scrolls of identify {unknown}
 i - a scroll of amnesia {unknown}
 l - 2 scrolls of remove curse {unknown}
 m - a scroll of random uselessness {unknown}
 n - a scroll of enchant armour {unknown}
 o - a scroll of magic mapping {unknown}
Potions
 h - a potion of curing {unknown}
 j - a potion of heal wounds {unknown}
 k - a potion of invisibility {unknown}
Books
 p - a book of Callings

   Spells                             Type                      Level
   a - Summon Small Mammal            Summoning                    1
   b - Call Imp                       Summoning                    2
   c - Call Canine Familiar           Summoning                    3
   d - Summon Guardian Golem          Hexes/Summoning              3
   e - Summon Lightning Spire         Summoning/Air                4
   f - Summon Ice Beast               Ice/Summoning                4
Comestibles
 e - a meat ration


   Skills:
 + Level 4.2 Fighting
 + Level 3.8 Axes
 - Level 1.7 Throwing
 + Level 2.3 Armour
 - Level 2.6 Dodging


You had 4 spell levels left.
You didn't know any spells.

Dungeon Overview and Level Annotations

Branches:
Dungeon (4/15)
 Temple: D:4-7

Altars:

Annotations:
D:3 Grinder
D:4 Dowan, Duvessa


Innate Abilities, Weirdness & Mutations

Your body is rotting away.
You thrive on raw meat.
You are immune to poison.
You have sharp fingernails.
You are carnivorous and can eat meat at any time.
Your flesh is cold resistant.
You are immune to negative energy.
You regenerate slowly when monsters are visible.
You are immune to unholy pain and torment.
You can survive without breathing.


Message History

Found a chain mail.
Found a stone staircase leading down.
The slave closely misses you.
You open the door. The slave misses you.
There is an open door here.
You hit the slave.
The slave is moderately wounded.
The slave hits you but does no damage. The slave barely misses you.
You hit the slave.
The slave is moderately wounded.
The slave hits you but does no damage.
You closely miss the slave.
The slave is moderately wounded.
The slave closely misses you. The phantom hits you.
* * * LOW HITPOINT WARNING * * *
The slave closely misses you.
You barely miss the slave.
The slave is moderately wounded.
You closely miss the phantom. The phantom closely misses you.
The slave hits you.
You die...

#......(........
#....)..........
#.[.............
+.......<.......
#......p.?......
#..####+######## #
####..###...####.###.###
#.....$.#.....'W.......#
#!......'...[.#p@......#
#.......#.....#........#
#########.##..#######..#
#+##.W# .# [...+ .....#
.....(# ...>...#
#.......#


You could see a phantom and a slave.

Vanquished Creatures
  Terence (D:2)
  3 adders
  7 gnolls
  An adder skeleton (D:4)
  3 worms
  A giant gecko (D:1)
  An orc (D:3)
  13 bats
  7 hobgoblins
  5 jackals
  6 kobolds
  A quokka (D:2)
  4 giant cockroaches
  3 giant newts
  A goblin (D:2)
  3 rats (D:1)
60 creatures vanquished.

Notes
Turn   | Place    | Note
--------------------------------------------------------------
     0 | D:1      | Kloppie the Ghoul Gladiator began the quest for the Orb.
     0 | D:1      | Reached XP level 1. HP: 17/17 MP: 0/0
    93 | D:1      | Reached XP level 2. HP: 13/25 MP: 1/1
   366 | D:1      | Reached skill level 3 in Axes
   512 | D:1      | Reached skill level 1 in Armour
   742 | D:2      | Reached XP level 3. HP: 19/30 MP: 2/2
   944 | D:2      | Noticed Terence
   969 | D:3      | HP: 1/31 [orc/trident (1)]
   978 | D:2      | HP: 1/31 [gnoll/spear (1)]
  1333 | D:2      | Reached XP level 4. HP: 26/38 MP: 3/3
  1735 | D:2      | Killed Terence
  1735 | D:2      | Reached XP level 5. HP: 12/45 MP: 4/4
  1953 | D:3      | Reached skill level 4 in Fighting
  2301 | D:3      | Noticed Grinder
  2387 | D:4      | Noticed Duvessa
  2387 | D:4      | Noticed Dowan
  2415 | D:3      | Paralysed by Grinder for 3 turns
  2422 | D:4      | Noticed a slave
  2444 | D:4      | Noticed a phantom
  2453 | D:4      | HP: 1/46 [phantom (4)]
  2454 | D:4      | Slain by a slave

Action                   |  1- 3 |  4- 6 || total
-------------------------+-------+-------++-------
Melee: War axe           |   118 |   111 ||   229
  Use: Scroll            |     1 |       ||     1
  Eat: Chunk             |     6 |    10 ||    16
